 Dungeon Crawl Stone Soup version 0.23-a0-629-gae4348f (webtiles) character file.

124 Matador8 the Sneak (level 4, 0/30 HPs)
             Began as a Vampire Enchanter on Dec 25, 2018.
             Was an Initiate of Ashenzari.
             Slain by Natasha (8 damage)
             ... on level 3 of the Dungeon.
             The game lasted 00:22:45 (3421 turns).

Matador8 the Sneak (Vampire Enchanter)              Turns: 3421, Time: 00:22:46

Health: 0/30       AC:  3    Str:  8    XL:     4   Next: 81%
Magic:  5/7        EV: 12    Int: 17    God:    Ashenzari [......]
Gold:   176        SH:  0    Dex: 14    Spells: 1/7 levels left

rFire    . . .     SeeInvis +   a - +1 dagger
rCold    . . .     Gourm    .   (no shield)
rNeg     + . .     Faith    .   s - +0 leather armour
rPois    .         Spirit   .   (no helmet)
rElec    .         Reflect  .   (no cloak)
rCorr    .         Harm     .   (no gloves)
MR       .....                  (no boots)
Stlth    +++.......             (no amulet)
HPRegen  0.10/turn              (no ring)
MPRegen  0.10/turn              (no ring)

@: slowed, very slow
A: fangs 3, see invisible, unbreathing
a: Bat Form, Curse Item, Renounce Religion


You were on level 3 of the Dungeon.
You worshipped Ashenzari.
Ashenzari was noncommittal.
You were not thirsty.

You visited 1 branch of the dungeon, and saw 3 of its levels.

You collected 176 gold pieces.

Inventory:

Hand Weapons
 a - a +1 dagger (weapon)
 i - a cursed -3 hunting sling
Missiles
 o - 8 poisoned needles
Armour
 b - a +0 robe
 h - a +0 shield
 p - a cursed +0 robe
 r - a +0 ring mail
 s - a +0 leather armour (worn)
 v - a +0 ring mail
Jewellery
 l - an uncursed ring of magical power
 u - a +6 ring of intelligence
Wands
 q - a wand of random effects (16)
Scrolls
 f - 4 scrolls of teleportation {unknown}
 j - 4 scrolls of identify {unknown}
 k - 2 scrolls of random uselessness {unknown}
 m - a scroll of remove curse
 n - 2 scrolls of amnesia {unknown}
 t - 2 scrolls of fog {unknown}
Potions
 c - 3 potions of mutation {unknown}
 d - 13 potions of blood
 e - 4 potions of curing
 g - a potion of ambrosia {unknown}


   Skills:
 + Level 3.0 Short Blades
 - Level 2.1 Dodging
 + Level 6.2 Stealth
 - Level 2.0 Spellcasting
 + Level 5.8 Hexes


You had one spell level left.
You knew the following spells:

 Your Spells              Type           Power        Failure   Level  Hunger
a - Corona                Hex            ###....      2%          1    #......
b - Ensorcelled Hibernat  Hex/Ice        ##....       13%         2    ###....
c - Confuse               Hex            ###.....     8%          3    ###....

Your spell library contained the following spells:

 Spells                   Type           Power        Failure   Level  Hunger
 Tukima's Dance           Hex            ###.....     8%          3    ###....
 Dazzling Spray           Conj/Hex       ##....       26%         3    ###....


Dungeon Overview and Level Annotations

Branches:
Dungeon (3/15)

Altars:
Ashenzari
Fedhas
Kikubaaqudgha

Annotations:
D:3 Natasha


Innate Abilities, Weirdness & Mutations

You have razor-sharp teeth.
You have supernaturally acute eyesight. (SInv)
You can survive without breathing.


Message History

The white imp disappears in a puff of smoke!
The bat barely misses you. The crimson imp spits at you.
The bat hits you but does no damage. The bat closely misses you. x2
Natasha closely misses you.
Casting: Ensorcelled Hibernation (safe; 13% risk of failure)
Confirm with . or Enter, or press ? or * to list all spells.
Aiming: Ensorcelled Hibernation (safe; 13% risk of failure)
Press: ? - help, Shift-Dir - straight line, f/p - Natasha
Aim: Natasha (chance to defeat MR: 42%) Natasha resists with some effort.
The shadow imp disappears in a puff of smoke!
The bat closely misses you. The bat hits you but does no damage.
Natasha claws you.
* * * LOW HITPOINT WARNING * * *
The bat hits you.
* * * LOW HITPOINT WARNING * * *
The crimson imp hits you but does no damage.
Natasha claws you!
You die...

################
#....).(.(o....#
##.############.## ....#
########...#######
....###................#
......#.######...#####.#
##..#...........## #.#
##..#..§....§..5.#####.######
...5....###.§..h@.......o...#
##..#.### #..§.b.#####.####.#
#..#.# #......# #.# #.#
#####.# ###......# #.# #.#
....#+#.....#..#.# #.# #.#
....#_#....##..#.# #.# #.#
.?..###....##.##.# #.# #.#
#..........##.##.# #.####.#
#.5...........)..# ##.o.go)#


You could see Natasha, a crimson imp and a bat.

Vanquished Creatures
  5 adders
  2 worms (D:2)
  2 dart slugs (D:2)
  A leopard gecko (D:1)
  11 orcs
  3 giant cockroaches
  7 goblins
  3 hobgoblins
  A quokka (D:2)
  8 bats
  A frilled lizard (D:1)
  6 kobolds
  11 rats
61 creatures vanquished.

Notes
Turn   | Place    | Note
-------+----------+-------------------------------------------
     0 | D:1      | Matador8 the Vampire Enchanter began the quest for the Orb.
     0 | D:1      | Reached XP level 1. HP: 13/13 MP: 3/3
   336 | D:1      | Reached XP level 2. HP: 13/19 MP: 0/5
   388 | D:1      | Learned a level 2 spell: Ensorcelled Hibernation
   957 | D:2      | Reached skill level 5 in Stealth
   985 | D:1      | Reached skill level 5 in Hexes
  1305 | D:2      | Reached XP level 3. HP: 17/24 MP: 3/6
  1515 | D:2      | Found a blossoming altar of Fedhas.
  1515 | D:2      | Found an ancient bone altar of Kikubaaqudgha.
  1788 | D:3      | Reached XP level 4. HP: 27/30 MP: 0/7
  2353 | D:2      | Learned a level 3 spell: Confuse
  3156 | D:3      | Reached skill level 6 in Stealth
  3333 | D:3      | Noticed Natasha
  3373 | D:3      | Found a shattered altar of Ashenzari.
  3376 | D:3      | Became a worshipper of Ashenzari the Shackled
  3421 | D:3      | Slain by Natasha

Vault maps used:
D:1:      psy_arrival_radial01, chequers_serial_rivers_small_b
D:2:      grunt_temple_overflow_growth_and_decay, grunt_ministairs_10
D:3:      kennysheep_the_goblin_king, ashenzari_conservatory_becter,
          first_ration, uniq_natasha

Skill      XL: |  1  2  3  4 |
---------------+-------------+-----
Stealth        | 5 6 |  6.2
Short Blades   | 2 3 |  3.0
Hexes          | 5 |  5.8
Dodging        | |  2.1
Spellcasting   | |  2.0

Action                   |  1- 3 |  4- 6 || total
-------------------------+-------+-------++-------
Melee: Dagger            |    94 |    73 ||   167
       Bite              |     4 |    10 ||    14
 Cast: Corona            |    33 |    11 ||    44
       Ensorcelled Hiber |    14 |    22 ||    36
       Confuse           |       |     2 ||     2
 Abil: End Transformatio |       |     2 ||     2
       Bat Form          |       |     2 ||     2
  Use: Potion            |     1 |     5 ||     6
 Stab: Sleeping          |    18 |    10 ||    28
  Eat: Corpse            |     3 |     2 ||     5
Armor: Robe              |    12 |       ||    12
       Leather armour    |     5 |    28 ||    33
Dodge: Dodged            |    63 |    98 ||   161

Table legend:
 A = Non-vault XP
 B = Vault XP
 C = Vault XP percentage of total XP
 D = Non-vault monster count
 E = Vault monster count
 F = Vault count percentage of total count
                 A         B        C        D         E       F
            +---------+---------+-------+---------+---------+-------
      Total |     174 |       4 |   2.2 |      59 |       2 |   3.3
            +---------+---------+-------+---------+---------+-------
        D:1 |      25 |       3 |  10.7 |      17 |       1 |   5.6
        D:2 |      88 |       1 |   1.1 |      25 |       1 |   3.8
        D:3 |      61 |       0 |   0.0 |      17 |       0 |   0.0
            +---------+---------+-------+---------+---------+-------
